 Dungeon Crawl Stone Soup version 0.30-a0-782-ge64f9170bb (webtiles) character file.

Game seed: 7710560105865790282

222 HoaS the Shooter (level 5, -3/30 HPs)
             Began as a Gargoyle Hunter on Feb 19, 2023.
             Slain by Duvessa
             ... wielding a +0 rapier
              (7 damage)
             ... on level 4 of the Dungeon.
             The game lasted 00:06:29 (2960 turns).

HoaS the Shooter (Gargoyle Hunter)                  Turns: 2960, Time: 00:06:30

Health: -3/30      AC: 10    Str: 15    XL:     5   Next: 99%
Magic:  5/5        EV: 11    Int:  9    God:
Gold:   201        SH:  0    Dex: 15    Spells: 4/4 levels left

rFire   . . .      SeeInvis .    a - +1 shortbow
rCold   . . .      Faith    .    (shield currently unavailable)
rNeg    + . .      Spirit   .    c - +0 leather armour
rPois   ∞          Reflect  .    g - +0 helmet
rElec   +          Harm     .    q - +1 cloak
rCorr   .          Rampage  .    (no gloves)
Will    .....                    (no boots)
Stlth   ++                       (no amulet)
HPRegen 0.25/turn                (no ring)
MPRegen 0.09/turn                (no ring)

@: no status effects
A: sickness immunity, AC +4, negative energy resistance 1, electricity
resistance, torment resistance 1, petrification resistance
a: no special abilities


You were on level 4 of the Dungeon.
You visited 1 branch of the dungeon, and saw 4 of its levels.

You collected 201 gold pieces.

Inventory:

Hand Weapons
 a - a +1 shortbow (weapon)
Missiles
 e - 2 throwing nets
Armour
 c - a +0 leather armour (worn)
 g - a +0 helmet (worn)
 q - a +1 cloak (worn)
Scrolls
 b - 3 scrolls of immolation
 o - a scroll of vulnerability
 s - a scroll of identify
Potions
 d - a potion of ambrosia {unknown}
 f - 2 potions of heal wounds
 h - a potion of attraction {unknown}
 i - a potion of might {unknown}
 j - a potion of haste {unknown}
 n - a potion of lignification {unknown}
 p - 2 potions of curing {unknown}


   Skills:
 - Level 2.1 Fighting
 + Level 7.0 Ranged Weapons
 - Level 1.5 Dodging
 - Level 1.1 Stealth


You had 4 spell levels left.
You didn't know any spells.
Your spell library contained the following spells:

 Spells                   Type           Power      Damage    Failure   Level
 Freeze                   Ice            0%         1d3       45%         1
 Frozen Ramparts          Ice            0%         1d1       83%         3
 Hailstorm                Conj/Ice       0%         3d3       83%         3
 Ignite Poison            Fire/Tmut/Pois 0%         N/A       83%         3
 Ozocubu's Armour         Ice            0%         N/A       83%         3
 Sticky Flame             Conj/Fire      0%         2d3       99%         4
 Ozocubu's Refrigeration  Ice            0%         4d7       100%        7
 Ignition                 Fire           0%         3d3       100%        8


Dungeon Overview and Level Annotations

Branches:
Dungeon (4/15)
 Temple: D:4-7

Altars:

Shops:
D:1 (

Annotations:
D:3 2 transporters, wogdood's ghost, weakling TrGl
D:4 Dowan; Duvessa


Innate Abilities, Weirdness & Mutations

You are immune to sickness and miasma.
Your stone body is resilient. (AC +4)
You are immune to poison.
You resist negative energy. (rN+)
You are resistant to electric shocks. (rElec)
You are resistant to unholy torment.
You are immune to petrification.


Message History

You add the spells Ozocubu's Armour and Ozocubu's Refrigeration to your library.
Duvessa shouts!
You hear a shout!
You shoot an arrow. The arrow hits Duvessa.
Duvessa is lightly wounded.
You shoot an arrow. The arrow hits Duvessa.
Duvessa is lightly wounded.
Dowan, Brother of Duvessa comes into view.
He is wielding a +0 dagger and wearing a +0 robe of willpower.
Dowan moves out of view.
You shoot an arrow. The arrow hits Duvessa.
Duvessa is moderately wounded.
Duvessa hits you with a +0 rapier!
You shoot an arrow. The arrow completely misses Duvessa.
Duvessa roars, "You can run, but you cannot escape us forever!"
Duvessa hits you with a +0 rapier.
You shoot an arrow. The arrow closely misses Duvessa.
Dowan mumbles some strange words.
Dowan blinks!
Duvessa barely misses you.
You shoot an arrow. The arrow hits Duvessa.
Duvessa is moderately wounded.
Duvessa closely misses you.
You shoot an arrow. The arrow barely misses Duvessa.
Duvessa closely misses you.
You shoot an arrow. The arrow closely misses Duvessa.
Duvessa barely misses you. Duvessa misses you.
You shoot an arrow. The arrow hits Duvessa.
Duvessa is moderately wounded.
Duvessa hits you but does no damage.
You shoot an arrow. The arrow hits Duvessa!
Duvessa is heavily wounded.
Duvessa hits you with a +0 rapier.
You shoot an arrow.
The arrow hits Duvessa but does no damage.
Duvessa is heavily wounded.
Duvessa hits you with a +0 rapier!
* * * LOW HITPOINT WARNING * * *
You shoot an arrow. The arrow barely misses Duvessa.
Dowan mumbles some strange words.
Dowan blinks!
Duvessa hits you with a +0 rapier!
You die...

##.####.#####
######..##..#....
#.............#
#..........####
#..........# #..........#
# ##?.........#
###.#e..........# #.
#....@e.........# ###.#
#..#..###....#..## .... .
##.##....##....# #..#
###.....#.####.#..# #.#
#.. ##.§.#..#..# .##.. ..
#.##..####....# ..e.. #.
#....## ###..####... #.##
##..## ####..#....#
###..###...<####.........


You could see Duvessa and Dowan.

Vanquished Creatures
  Crazy Yiuf (D:2)
  Terence (D:3)
  4 gnolls (D:2)
  An adder (D:2)
  3 worms
  4 dart slugs
  An orc (D:3)
  5 bats
  7 endoplasms
  3 giant cockroaches
  10 goblins
  15 hobgoblins
  7 jackals
  A quokka (D:1)
  10 ball pythons
  8 frilled lizards
  4 kobolds
  14 rats
99 creatures vanquished.

Notes
Turn   | Place    | Note
-------+----------+-------------------------------------------
     0 | D:1      | HoaS the Gargoyle Hunter began the quest for the Orb.
     0 | D:1      | Reached XP level 1. HP: 12/12 MP: 1/1
    75 | D:1      | Found Loag's Weapon Emporium.
   168 | D:1      | Reached XP level 2. HP: 17/17 MP: 2/2
   379 | D:1      | Reached XP level 3. HP: 21/21 MP: 3/3
   396 | D:1      | Reached skill level 5 in Ranged Weapons
  1023 | D:2      | Reached XP level 4. HP: 26/26 MP: 4/4
  1356 | D:2      | Reached skill level 6 in Ranged Weapons
  1392 | D:2      | Found a runed translucent door.
  1393 | D:2      | Noticed Crazy Yiuf
  1464 | D:2      | Reached XP level 5. HP: 27/30 MP: 5/5
  2028 | D:3      | Noticed a phantom
  2263 | D:3      | Noticed Terence
  2277 | D:3      | Killed Terence
  2338 | D:3      | Found a transporter.
  2396 | D:3      | Found a transporter.
  2397 | D:3      | Noticed wogdood's ghost (weakling TrGl)
  2673 | D:2      | Killed Crazy Yiuf
  2810 | D:4      | Reached skill level 7 in Ranged Weapons
  2822 | D:4      | Noticed Duvessa
  2949 | D:4      | Noticed Dowan
  2960 | D:4      | Slain by Duvessa

Illustrated notes

Levels and vault maps discovered:
D:1:      dpeg_arrival_round_b, layout_loops_ring, serial_shops,
          nicolae_shop_bloodbath_and_beyond, minmay_stone_trees_medium,
          minmay_octomino_e4
D:2:      layout_basic, minmay_rat_gold_closets, uniq_crazy_yiuf_cottage
D:3:      layout_loops_ring, gammafunk_ghost_mausoleum, uniq_terence
D:4:      layout_rooms, minmay_circle_x, uniq_duvessa

Skill      XL: |  1  2  3  4  5 |
---------------+----------------+-----
Ranged Weapons | 5 6 7 |  7.0
Fighting       | |  2.1
Dodging        | |  1.5
Stealth        | |  1.1

Action                     |  1- 3 |  4- 6 || total
---------------------------+-------+-------++-------
   Fire: Shortbow          |   137 |   189 ||   326
    Use: Scroll            |     3 |     7 ||    10
 Armour: Leather armour    |    34 |    28 ||    62
  Dodge: Dodged            |    62 |    37 ||    99

Table legend: (Time is in decaauts)
 A = Elapsed time spent in this place.
 B = Non-inter-level travel time spent in this place.
 C = Inter-level travel time spent in this place.
 D = Time resting spent in this place.
 E = Time spent auto-exploring this place.
 F = Levels seen in this place.
 G = Mean time per level.
                   A        B        C        D        E       F      G
               +--------+--------+--------+--------+--------+-----+--------+
         Total |   3041 |   2840 |    201 |    152 |   2053 |   4 |  760.2 |
       Dungeon |   3041 |   2840 |    201 |    152 |   2053 |   4 |  760.2 |
               +--------+--------+--------+--------+--------+-----+--------+

Top non-repeatable levels by time:
     D:2: 1156 daAuts
     D:1: 878 daAuts
     D:3: 869 daAuts
     D:4: 137 daAuts
